 Dungeon Crawl Stone Soup version 0.32-a0-876-gcfddb08e57 (webtiles) character file.

Game seed: 17025494211552526060

1137 pokeman the Thaumaturge (level 8, -5/44 HPs)
             Began as a Deep Elf Hedge Wizard on Mar 31, 2024.
             Was a Believer of Vehumet.
             Slain by an ogre
             ... wielding a +0 giant spiked club
              (20 damage)
             ... on level 5 of the Dungeon.
             The game lasted 00:08:06 (5475 turns).

pokeman the Thaumaturge (Deep Elf Hedge Wizard)     Turns: 5475, Time: 00:08:07

Health: -5/44      AC:  6    Str:  7    XL:     8   Next: 14%
Magic:  16/23      EV: 12    Int: 22    God:    Vehumet [**....]
Gold:   222        SH:  0    Dex: 14    Spells: 17/25 levels left

rFire   . . .        a - +0 dagger
rCold   . . .        (no shield)
rNeg    + . .        b - +0 robe
rPois   .            p - +1 helmet
rElec   .            (no cloak)
rCorr   .            s - +0 pair of gloves
SInv    .            k - +0 pair of boots
Will    .....        m - amulet of the acrobat
Stlth   ++           f - ring of positive energy
HPRegen 0.27/turn    (no ring)
MPRegen 0.18/turn

%: acrobat
@: no status effects
A: no striking features
a: Renounce Religion


You were on level 5 of the Dungeon.
You worshipped Vehumet.
Vehumet was pleased with you.
You visited 1 branch of the dungeon, and saw 5 of its levels.

You collected 222 gold pieces.

Inventory:

Hand Weapons
 a - a +0 dagger (weapon)
Armour
 b - a +0 robe (worn)
 k - a +0 pair of boots (worn)
 p - a +1 helmet (worn)
 s - a +0 pair of gloves (worn)
Magical Staves
 j - a staff of cold
 y - a staff of conjuration
Jewellery
 f - a ring of positive energy (left hand)
 m - an amulet of the acrobat (around neck)
Wands
 n - a wand of roots (10)
 v - a wand of polymorph (4)
Scrolls
 c - a scroll of amnesia {unknown}
 e - 2 scrolls of teleportation {unknown}
 i - a scroll of blinking {unknown}
 l - a scroll of acquirement {unknown}
 o - 3 scrolls of identify {unknown}
 x - 2 scrolls of noise {unknown}
Potions
 d - 2 potions of magic
 g - a potion of haste {unknown}
 h - 2 potions of degeneration {unknown}
 q - a potion of mutation {unknown}
 r - a potion of brilliance {unknown}
 t - a potion of curing {unknown}
 u - a potion of cancellation {unknown}
 w - a potion of attraction {unknown}


   Skills:
 - Level 2.0 Fighting
 + Level 2.0 Armour
 - Level 3.0 Dodging
 - Level 3.0 Stealth
 * Level 9.0 Spellcasting
 + Level 4.6 Conjurations
 - Level 1.1 Summonings
 - Level 1.1 Translocations
 + Level 3.6 Ice Magic
 - Level 1.2 Air Magic
 - Level 1.2 Alchemy
 - Level 1.0 Evocations


You had 17 spell levels left.
You knew the following spells:

 Your Spells              Type           Power      Damage    Failure   Level
a - Magic Dart            Conj           100%       1d8       1%          1
b - Mephitic Cloud        Conj/Alch/Air  20%        N/A       8%          3
c - Call Imp              Summ           28%        N/A       6%          2
d - Blink                 Tloc           28%        N/A       6%          2

Your spell library contained the following spells:

 Spells                   Type           Power      Damage    Failure   Level
 Static Discharge         Conj/Air       44%        3-5/arc   3%          2
 Ensorcelled Hibernation  Hex/Ice        36%        N/A       4%          2
 Slow                     Hex            36%        N/A       7%          1
 Cigotuvi's Dreadful Rot  Necr/Alch/Air  26%        N/A       7%          2
 Fugue of the Fallen      Necr           9%         N/A       21%         3
 Tukima's Dance           Hex            9%         N/A       21%         3
 Iskenderun's Mystic Bla Conj/Tloc 22%            2d6        (+2d3     21%         4
 Dimensional Bullseye     Hex/Tloc       6%         N/A       47%         4
 Anguish                  Hex/Necr       4%         N/A       54%         4


Dungeon Overview and Level Annotations

Branches:
Dungeon (5/15)             Temple (0/1) D:5

Altars:
Cheibriados
Elyvilon
Gozag
Qazlal
Vehumet
The Shining One


Message History

There is an open door here.
The centaur hits itself.
The centaur kicks itself.
The centaur is killed!
Vehumet accepts your kill.
You feel your power returning.
Your Armour skill increases to level 2!
Your Spellcasting skill increases to level 9!
You see here a staff of conjuration.
y - a staff of conjuration
Casting: Magic Dart (safe; 1% risk of failure)
Confirm with . or Enter, or press ? or * to list all spells.
Aiming: Mephitic Cloud (dangerous; 8% risk of failure)
Press: ? - help, Shift-Dir - straight line, f - ogre
Aim: an ogre, wielding a +0 giant spiked club (chance to affect: 77%)
The ball explodes into a vile cloud!
The stinking cloud engulfs the ogre.
Something shouts, "Admit defeat, thou bootless roguish guttersnipe!"
The ogre is engulfed in noxious fumes.
The ogre appears confused.
The ogre gestures wildly.
Unknown command.
The ogre is engulfed in noxious fumes.
The ogre appears confused.
The ogre completely misses you.
There is an open door here.
You hit the ogre.
The ogre is lightly wounded.
You hit the ogre.
The ogre is lightly wounded.
The ogre is engulfed in noxious fumes.
The ogre appears confused.
You hit the ogre but do no damage.
The ogre is lightly wounded.
The ogre is engulfed in noxious fumes.
The ogre appears confused.
You catch the helpless ogre completely off-guard!
You puncture the ogre!
The ogre is heavily wounded.
The ogre hits you with a +0 giant spiked club!!
Ouch! That really hurt!
You hit the ogre.
The ogre is heavily wounded.
The ogre gestures wildly.
The ogre hits you with a +0 giant spiked club!!
You die...

#.. #. #.. #(## #..
#..# #.. ##... .....
... ##... #..###
###. #O##.# ##
#○@..# + #.##.# ##
##..### ###.
#.....##'# #+##...
#.....O..#####....##
#...........†..)..#
#............†....#
#..........#......#
#..........#......#


You could see an ogre (confused).

Vanquished Creatures
  A water moccasin (D:5)
  A centaur (D:5)
  3 ogres (D:5)
  3 phantoms
  A bullfrog (D:5)
  2 hounds
  A jelly (D:4)
  An orc priest (D:3)
  3 iguanas (D:5)
  A statue (D:4)
  9 adders
  A dart slug (D:1)
  13 orcs
  6 ball pythons
  6 endoplasms
  A giant cockroach (D:1)
  5 goblins
  11 hobgoblins
  A jackal (D:3)
  9 kobolds
  3 quokkas
  7 bats
  3 frilled lizards
92 creatures vanquished.

Vanquished Creatures (collateral kills)
  A bombardier beetle (D:4)
  An orc (D:5)
2 creatures vanquished.

Grand Total: 94 creatures vanquished

Notes
Turn   | Place    | Note
-------+----------+-------------------------------------------
     0 | D:1      | pokeman the Deep Elf Hedge Wizard began the quest for the
                  | Orb.
     0 | D:1      | Reached XP level 1. HP: 10/10 MP: 7/7
   219 | D:1      | Reached XP level 2. HP: 16/16 MP: 7/9
  1045 | D:1      | Reached skill level 5 in Spellcasting
  1315 | D:2      | Found a radiant altar of Vehumet.
  1323 | D:2      | Became a worshipper of Vehumet
  1410 | D:2      | Reached XP level 3. HP: 20/20 MP: 5/11
  1414 | D:2      | Learned a level 3 spell: Mephitic Cloud
  1417 | D:2      | Learned a level 2 spell: Call Imp
  1420 | D:2      | Learned a level 2 spell: Blink
  1634 | D:2      | Reached skill level 1 in Fighting
  1634 | D:2      | Reached skill level 1 in Armour
  1976 | D:2      | Reached XP level 4. HP: 24/25 MP: 7/13
  2448 | D:3      | Found a snail-covered altar of Cheibriados.
  2839 | D:3      | Reached * piety under Vehumet
  2839 | D:3      | Offered knowledge of Freeze by Vehumet.
  3437 | D:4      | Noticed a phantom
  3458 | D:4      | Killed a phantom
  3459 | D:4      | Reached skill level 6 in Spellcasting
  3459 | D:4      | Reached XP level 5. HP: 22/29 MP: 0/15
  3533 | D:4      | Noticed a phantom
  3536 | D:4      | Reached skill level 1 in Evocations
  3653 | D:4      | Killed a phantom
  3654 | D:4      | Reached skill level 1 in Ice Magic
  3654 | D:4      | Reached skill level 1 in Air Magic
  3654 | D:4      | Reached skill level 1 in Alchemy
  3654 | D:4      | Reached XP level 6. HP: 33/34 MP: 1/17
  4100 | D:4      | Reached skill level 7 in Spellcasting
  4222 | D:4      | Found a stormy altar of Qazlal.
  4348 | D:4      | Found a radiant altar of Vehumet.
  4539 | D:5      | Entered Level 5 of the Dungeon
  4539 | D:5      | Found a staircase to the Ecumenical Temple.
  4556 | D:5      | Reached XP level 7. HP: 24/38 MP: 8/19
  4743 | D:5      | Found a white marble altar of Elyvilon.
  4808 | D:5      | Found an opulent altar of Gozag.
  4903 | D:5      | Found a glowing golden altar of the Shining One.
  5044 | D:5      | Reached skill level 8 in Spellcasting
  5323 | D:5      | Reached XP level 8. HP: 16/44 MP: 10/22
  5335 | D:5      | Reached ** piety under Vehumet
  5461 | D:5      | Offered knowledge of Static Discharge by Vehumet.
  5466 | D:5      | Reached skill level 9 in Spellcasting
  5475 | D:5      | Slain by an ogre

Illustrated notes

Levels and vault maps discovered:
D:1:      erik_arrival_cave_to_civilisation [erik_arrival_cave_to_hall],
          layout_loops_ring
D:2:      layout_loops_ring, basic_altar, minivault_19, minmay_tromino_mix6
D:3:      layout_basic, cheibriados_altar_1, chequers_serial_rivers_micro_c,
          minmay_fractal_squares_5
D:4:      layout_cave_pools, vehumet_statue, mainiacjoe_overflow_catwalk
D:5:      layout_basic, nicolae_overflow_hidden_temple,
          mainiacjoe_overflow_boulevard, tso_metal_star,
          minmay_temple_entry_junction, minmay_divided_ellipse

Skill      XL: |  1  2  3  4  5  6  7  8 |
---------------+-------------------------+-----
Spellcasting   | 5 6 7 8 9 |  9.0
Fighting       | 1 2 |  2.0
Armour         | 1 2 |  2.0
Conjurations   | 2 3 4 |  4.6
Stealth        | 3 |  3.0
Dodging        | 3 |  3.0
Evocations     | 1 |  1.0
Ice Magic      | 1 2 3 |  3.6
Air Magic      | 1 |  1.2
Alchemy        | 1 |  1.2
Summonings     | |  1.1
Translocations | |  1.1

Action                     |  1- 3 |  4- 6 |  7- 9 || total
---------------------------+-------+-------+-------++-------
  Melee: Dagger            |     1 |    22 |    30 ||    53
   Cast: Magic Dart        |    96 |   133 |    74 ||   303
         Mephitic Cloud    |       |     5 |     6 ||    11
         Call Imp          |       |     1 |     2 ||     3
   Stab: Confused          |       |     3 |     4 ||     7
 Armour: Robe              |     6 |    28 |    28 ||    62
  Dodge: Dodged            |    16 |    29 |    39 ||    84

Table legend: (Time is in decaauts)
 A = Elapsed time spent in this place.
 B = Non-inter-level travel time spent in this place.
 C = Inter-level travel time spent in this place.
 D = Time resting spent in this place.
 E = Time spent auto-exploring this place.
 F = Levels seen in this place.
 G = Mean time per level.
                   A        B        C        D        E       F      G
               +--------+--------+--------+--------+--------+-----+--------+
         Total |   5476 |   5257 |    219 |    245 |   4336 |   5 | 1095.2 |
       Dungeon |   5476 |   5257 |    219 |    245 |   4336 |   5 | 1095.2 |
               +--------+--------+--------+--------+--------+-----+--------+

Top non-repeatable levels by time:
     D:3: 1511 daAuts
     D:1: 1231 daAuts
     D:2: 1047 daAuts
     D:5: 935 daAuts
     D:4: 750 daAuts
